 Dungeon Crawl Stone Soup version 0.26-a0-631-ged93497179 (webtiles) character file.

Game seed: 2528112657793990807

204 Gedvaldir the Digger (level 5, 0/28 HPs)
             Began as a Gargoyle Earth Elementalist on Sept 13, 2020.
             Killed by divine providence
             ... invoked by an orc priest
              (14 damage)
             ... on level 3 of the Dungeon.
             The game lasted 00:06:23 (3663 turns).

Gedvaldir the Digger (Gargoyle Earth Elementalist)  Turns: 3663, Time: 00:06:23

Health: 0/28       AC:  7    Str: 12    XL:     5   Next: 82%
Magic:  2/10       EV: 12    Int: 16    God:
Gold:   123        SH:  0    Dex: 10    Spells: 2/11 levels left

rFire    . . .     SeeInvis .   e - +1 short sword
rCold    . . .     Faith    .   (no shield)
rNeg     + . .     Spirit   .   c - +0 robe
rPois    ∞         Reflect  .   (no helmet)
rElec    +         Harm     .   (no cloak)
rCorr    .         Rampage  .   (no gloves)
MR       .....                  j - +0 pair of boots
Stlth    +.........             (no amulet)
HPRegen  0.09/turn              d - ring of wizardry
MPRegen  0.12/turn              f - ring of attention (curse)

@: no status effects
A: negative energy resistance 1, electricity resistance, unbreathing,
petrification resistance, rot immunity, AC +4
a: no special abilities


You were on level 3 of the Dungeon.
You visited 1 branch of the dungeon, and saw 3 of its levels.

You collected 123 gold pieces.

Inventory:

Hand Weapons
 e - a +1 short sword (weapon)
 m - a +0 mace
Missiles
 b - 13 stones (quivered)
 l - a throwing net
Armour
 c - a +0 robe (worn)
 j - a +0 pair of boots (worn)
Jewellery
 d - a ring of wizardry (left hand)
 f - a cursed ring of attention (right hand)
Scrolls
 g - 2 scrolls of remove curse
Potions
 h - 2 potions of haste


   Skills:
 - Level 1.5 Dodging
 - Level 2.1 Stealth
 + Level 3.7 Spellcasting
 + Level 2.2 Conjurations
   Level 0.7 Transmutations
 + Level 5.5 Earth Magic


You had 2 spell levels left.
You knew the following spells:

 Your Spells              Type           Power        Failure   Level
a - Sandblast             Erth           ###...       1%          1
b - Stone Arrow           Conj/Erth      ###...       4%          3
c - Lee's Rapid Deconstr  Erth           ###.......   19%         5

Your spell library contained the following spells:

 Spells                   Type           Power        Failure   Level
 Passwall                 Tmut/Erth      ##......     2%          2
 Petrify                  Tmut/Erth      ##......     19%         4


Dungeon Overview and Level Annotations

Branches:
Dungeon (3/15)

Altars:
Dithmenos


Innate Abilities, Weirdness & Mutations

You are resistant to torment.
Your stone body is resilient. (AC +4)
You are immune to poison.
You resist negative energy. (rN+)
You are resistant to electric shocks. (rElec)
You can survive without breathing.
You are immune to petrification.
You are immune to rotting.


Message History

Press: ? - help, Shift-Dir - straight line, f - hobgoblin
Aim: a hobgoblin, wielding a +0 club The blast of sand hits the hobgoblin.
The hobgoblin is severely wounded.
b - 14 stones The hobgoblin hits you but does no damage.
Casting: Sandblast (safe; 1% risk of failure)
Confirm with . or Enter, or press ? or * to list all spells.
Aiming: Sandblast (safe; 1% risk of failure)
Press: ? - help, Shift-Dir - straight line, f/p - hobgoblin
Aim: a hobgoblin, wielding a +0 club (severely wounded)
The blast of sand hits the hobgoblin!
You kill the hobgoblin!
b - 13 stones Unknown command.
The jackal closely misses you.
The orc priest mumbles some strange prayers to Beogh against you.
Beogh smites you!
Ouch! That really hurt!
You die...

#.......##############
#.#####.........>....######
*##.# #.############.......
*,..# #h.o.# *#####†......
*,#.# #.##o#**#.........###
*,#.#####.##.#,,........#.# #
*,#...h.h.##h#,*#.#######.# #
*,#....#####h#,*#,* #.# #
*,#o#### #@#,**,* #.# # *,#.#
#.#,**,* #.# # *,#.# #.#,,,,*
#.# # *,#h#******#..,**** #.#
# *,#o.,,,,,,...,,,********,*
#
*,...,,,,,,....*,,,,,,,**,**#
**#.##*****##..,******,**,,,.
#.# *.#.* *,***,** #.#
*,*,******,***,**


You could see an orc priest, an orc and 2 jackals.

Vanquished Creatures
  An orc priest (D:3)
  An orc wizard (D:2)
  4 gnolls
  4 adders
  An ooze (D:2)
  A worm (D:2)
  9 orcs
  A ball python (D:2)
  6 bats
  3 giant cockroaches
  5 goblins
  5 hobgoblins
  A jackal (D:3)
  A quokka (D:2)
  4 frilled lizards
  7 kobolds
  7 rats
61 creatures vanquished.

Notes
Turn   | Place    | Note
-------+----------+-------------------------------------------
     0 | D:1      | Gedvaldir the Gargoyle Earth Elementalist began the quest
                  | for the Orb.
     0 | D:1      | Reached XP level 1. HP: 10/10 MP: 3/3
   619 | D:1      | Reached XP level 2. HP: 11/15 MP: 5/5
   629 | D:1      | Reached skill level 4 in Earth Magic
  1787 | D:2      | Reached XP level 3. HP: 5/19 MP: 2/7
  2024 | D:1      | Reached XP level 4. HP: 13/24 MP: 0/8
  2160 | D:1      | Learned a level 3 spell: Stone Arrow
  2171 | D:2      | Reached skill level 5 in Earth Magic
  2222 | D:2      | Reached skill level 1 in Conjurations
  2341 | D:2      | Found a shadowy altar of Dithmenos.
  2474 | D:2      | Reached XP level 5. HP: 21/28 MP: 1/10
  2492 | D:2      | Learned a level 5 spell: Lee's Rapid Deconstruction
  3663 | D:3      | Killed from afar by an orc priest

Illustrated notes

Levels and vault maps discovered:
D:1:      elethiomel_arrival_infinity_welcomes_careful_drivers, layout_basic,
          serial_park_tiny_pond, minmay_pentomino_r2
D:2:      layout_basic, nicolae_dithmenos_shadow_blocks
D:3:      layout_loops_ring

Skill      XL: |  1  2  3  4  5 |
---------------+----------------+-----
Earth Magic    | 4 5 |  5.5
Spellcasting   | 3 |  3.7
Conjurations   | 1 2 |  2.2
Dodging        | |  1.5
Stealth        | |  2.1
Transmutations | |  0.7

Action                   |  1- 3 |  4- 6 || total
-------------------------+-------+-------++-------
Melee: Club              |    26 |       ||    26
       Unarmed           |    16 |       ||    16
       Short sword       |    30 |   111 ||   141
 Cast: Sandblast         |    22 |    42 ||    64
  Use: Scroll            |       |     7 ||     7
       Potion            |       |     1 ||     1
 Stab: Sleeping          |     2 |       ||     2
Armor: Robe              |    32 |    53 ||    85
       Skin              |       |     2 ||     2
Dodge: Dodged            |    65 |   100 ||   165

Table legend: (Time is in decaauts)
 A = Elapsed time spent in this place.
 B = Non-inter-level travel time spent in this place.
 C = Inter-level travel time spent in this place.
 D = Time resting spent in this place.
 E = Time spent auto-exploring this place.
 F = Levels seen in this place.
 G = Mean time per level.
                   A        B        C        D        E       F      G
               +--------+--------+--------+--------+--------+-----+--------+
         Total |   3686 |   3601 |     85 |   1027 |   1984 |   3 | 1228.7 |
       Dungeon |   3686 |   3601 |     85 |   1027 |   1984 |   3 | 1228.7 |
               +--------+--------+--------+--------+--------+-----+--------+

Top non-repeatable levels by time:
     D:1: 2130 daAuts
     D:2: 1021 daAuts
     D:3: 534 daAuts
